 Dungeon Crawl Stone Soup version 0.28-a0-616-gdeb3d7f7b4 (webtiles) character file.

Game seed: 12854922523779542827

17609 Ijustatesigmund the Blocker (level 12, -4/97 HPs)
             Began as a Gnoll Fighter on Oct 6, 2021.
             Was an Elder of Cheibriados.
             Slain by a titanic slime creature (58 damage)
             ... on level 12 of the Dungeon.
             The game lasted 00:26:09 (15951 turns).

Ijustatesigmund the Blocker (Gnoll Fighter)        Turns: 15951, Time: 00:26:10

Health: -4/97      AC: 28    Str: 25    XL:     12   Next: 49%
Magic:  23/25      EV: 16    Int: 25    God:    Cheibriados [****..]
Gold:   222        SH:  8    Dex: 24    Spells: 21/25 levels left

rFire   . . .      SeeInvis .   a - +9 spear (freeze)
rCold   . . .      Faith    .   c - +0 buckler
rNeg    . . .      Spirit   .   b - +1 plate armour of Summer {rElec Int+4}
rPois   .          Reflect  .   e - +1 hat
rElec   +          Harm     .   l - +0 cloak
rCorr   .          Rampage  .   (no gloves)
Will    .....                   v - +1 pair of boots
Stlth   ..........              (no amulet)
HPRegen 0.26/turn               t - ring of the Tortoise {AC+8}
MPRegen 0.19/turn               f - +4 ring of evasion

@: very slow
A: fangs 1, strong nose, distributed training, antennae 1, high mp 1
a: Renounce Religion, Bend Time, Temporal Distortion, Slouch


You were on level 12 of the Dungeon.
You worshipped Cheibriados.
Cheibriados was greatly pleased with you.
You visited 2 branches of the dungeon, and saw 13 of its levels.
You also visited: Ossuary.

You collected 866 gold pieces.
You spent 644 gold pieces at shops.

Inventory:

Hand Weapons
 a - a +9 spear of freezing (weapon)
Missiles
 B - 5 silver javelins (quivered)
Armour
 b - the +1 plate armour of Summer (worn) {rElec Int+4}
   (You bought it in a shop on level 5 of the Dungeon)

   Int:       It affects your intelligence (+4).
   rElec:     It insulates you from electricity.
 c - a +0 buckler (worn)
 e - a +1 hat (worn)
 l - a +0 cloak (worn)
 v - a +1 pair of boots (worn)
Jewellery
 f - a +4 ring of evasion (right hand)
 h - a ring of wizardry
 o - a ring of willpower
 s - a +4 ring of protection
 t - the ring of the Tortoise (left hand) {AC+8}
   (You found it on level 6 of the Dungeon)

   [ring of protection]

   AC:        It affects your AC (+8).
 w - a ring of protection from cold
 E - a ring of resist corrosion
 F - a ring of protection from fire
 I - a ring of magical power
 J - a ring of positive energy
 M - a ring of see invisible
Wands
 d - a wand of digging (4)
 m - a wand of iceblast (3)
 u - a wand of flame (15)
 D - a wand of mindburst (10)
Scrolls
 g - 4 scrolls of teleportation
 k - a scroll of immolation
 p - 2 scrolls of enchant weapon
 r - a scroll of holy word
 y - 2 scrolls of magic mapping
 C - a scroll of identify
 G - a scroll of silence
 H - 3 scrolls of blinking
Potions
 i - 2 potions of flight
 j - a potion of magic
 n - 2 potions of curing
 q - 3 potions of cancellation
 x - a potion of lignification
 z - a potion of might
 A - a potion of attraction
 K - a potion of berserk rage
 L - a potion of heal wounds


   Skills:
 + Level 9.9 Fighting
 + Level 7.3 Short Blades
 + Level 7.3 Long Blades
 + Level 8.7 Axes
 + Level 7.3 Maces & Flails
 + Level 7.3 Polearms
 + Level 7.3 Staves
 + Level 7.3 Slings
 + Level 7.3 Bows
 + Level 7.3 Crossbows
 + Level 7.3 Throwing
 + Level 9.9 Armour
 + Level 7.3 Dodging
 + Level 7.3 Stealth
 + Level 9.9 Shields
 + Level 7.3 Unarmed Combat
 + Level 7.3 Spellcasting
 + Level 6.1 Conjurations
 + Level 6.1 Hexes
 + Level 6.1 Summonings
 + Level 6.1 Necromancy
 + Level 6.1 Translocations
 + Level 6.1 Transmutations
 + Level 6.1 Fire Magic
 + Level 6.1 Ice Magic
 + Level 6.1 Air Magic
 + Level 6.1 Earth Magic
 + Level 6.1 Poison Magic
 + Level 8.0 Invocations
 + Level 7.3 Evocations


You had 21 spell levels left.
You knew the following spells:

 Your Spells              Type           Power      Damage    Failure   Level
a - Passwall              Tmut/Erth      32%        N/A       9%          2
b - Wereblood             Tmut           39%        N/A       9%          2

Your spell library contained the following spells:

 Spells                   Type           Power      Damage    Failure   Level
 Beastly Appendage        Tmut           78%        N/A       5%          1
 Sandblast                Erth           78%        2d17      5%          1
 Ensorcelled Hibernation  Hex/Ice        78%        N/A       9%          2
 Call Canine Familiar     Summ           39%        N/A       16%         3
 Conjure Flame            Conj/Fire      39%        6-21      16%         3
 Dazzling Flash           Conj/Hex       78%        N/A       16%         3
 Ignite Poison            Fire/Tmut/Pois 39%        N/A       16%         3
 Mephitic Cloud           Conj/Pois/Air  39%        N/A       16%         3
 Portal Projectile        Hex/Tloc       78%        N/A       16%         3
 Spider Form              Tmut/Pois      19%        N/A       16%         3
 Stone Arrow              Conj/Erth      78%        3d11      16%         3
 Leda's Liquefaction      Hex/Erth       19%        N/A       47%         4
 Sticky Flame             Conj/Fire      39%        2d6       47%         4
 Agony                    Necr           39%        N/A       83%         5
 Freezing Cloud           Conj/Ice/Air   19%        6-21      83%         5
 Silence                  Hex/Air        19%        N/A       83%         5


Dungeon Overview and Level Annotations

Branches:
Dungeon (12/15)            Temple (1/1) D:4            Lair (0/6) D:11
    Orc (0/2) D:12        Ossuary (visited)

Altars:
Ashenzari
Cheibriados
Dithmenos
Elyvilon
Fedhas
Gozag
Hepliaklqana
Kikubaaqudgha
Makhleb
Nemelex Xobeh
Okawaru
Qazlal
Ru
Sif Muna
Trog
Uskayaw
Vehumet
Wu Jian
Xom
Yredelemnul
Zin
The Shining One

Shops:
D:5 [   D:9 (=(!


Innate Abilities, Weirdness & Mutations

You have very sharp teeth.
Your uncanny sense of smell can sniff out nearby items.
Your experience applies equally to all skills.
You have a pair of small antennae on your head.
You have an increased reservoir of magic. (+10% MP)


Message History

The enormous slime creature seems to slow down.
The enormous slime creature misses you.
Two slime creatures merge to form a titanic slime creature.
You hit the titanic slime creature. You freeze the titanic slime creature.
The titanic slime creature is severely wounded.
You hit the titanic slime creature. You freeze the titanic slime creature.
The titanic slime creature is severely wounded.
You puncture the titanic slime creature!
You freeze the titanic slime creature. You bite the titanic slime creature.
The titanic slime creature is severely wounded.
You block the titanic slime creature's attack.
You puncture the titanic slime creature!
You freeze the titanic slime creature.
The titanic slime creature is severely wounded.
You puncture the titanic slime creature!
You freeze the titanic slime creature.
The titanic slime creature is severely wounded.
You block the titanic slime creature's attack.
You completely miss the titanic slime creature.
The titanic slime creature is severely wounded.
You barely miss the titanic slime creature.
The titanic slime creature is severely wounded.
You block the titanic slime creature's attack.
You puncture the titanic slime creature!
You freeze the titanic slime creature.
You bite the titanic slime creature, but do no damage.
The titanic slime creature is severely wounded.
You puncture the titanic slime creature!
You freeze the titanic slime creature.
The titanic slime creature is almost dead.
You block the titanic slime creature's attack.
You puncture the titanic slime creature!
You freeze the titanic slime creature.
The titanic slime creature is almost dead.
You barely miss the titanic slime creature.
You bite the titanic slime creature.
The titanic slime creature is almost dead.
The titanic slime creature hits you!!!
Ouch! That really hurt!
You die...

# #.##.##).#.#.##..##.#.####.#
###.......#.....#..##.#.# #.#
.#.##..))..##.##..###.#.# #.#
.#####..##.##.#.####....# #.#
.#.##))...###.....##...## #.####
....#.#...##..#...##....## #.....
.##...).#..#..#.#.##...(.######.#
.##########.#.##.###......####...
.# ############@###......+......
.# #........# ##J........####...
.# #.##.##.## ##.......## #... .#
#.##.##.# ##.....## #... .##
#.....).# ##...## ###.
..######.#### ##+## #. ...# #.#
#.# #. ...# #.# ########.######
#. ...# #.# #.............# #.


You could see a titanic slime creature (slow).

Vanquished Creatures
  Fannar (D:11)
  A hydra (D:12)
  5 two-headed ogres
  Pikel (D:5)
  2 cyclopes (D:11)
  Joseph (D:7)
  2 gargoyles
  2 unseen horrors
  A hornet (D:9)
  2 trolls
  Prince Ribbit (D:9)
  11 slime creatures
  2 vampires
  16 yaks
  6 vampire mosquitoes
  3 acid dragons
  A water moccasin (D:5)
  2 sky beasts
  A black bear (D:11)
  6 orc warriors
  4 ogres
  4 centaurs
  Blork the orc (D:4)
  2 kobold brigands
  8 bullfrogs
  A gnoll sergeant (D:10)
  3 jellies
  A water moccasin skeleton (D:7)
  3 killer bees (D:9)
  2 howler monkeys
  5 crimson imps (D:9)
  2 centaur zombies
  A bullfrog zombie (D:5)
  A hound (D:4)
  9 orc priests
  A gnoll shaman (D:9)
  4 iguanas
  12 orc wizards
  2 hound skeletons (D:4)
  3 mummies (Ossuary)
  8 gnolls
  5 adders
  A howler monkey skeleton (D:7)
  A shadow imp (D:7)
  4 white imps
  3 ufetubi
  2 adder skeletons
  2 adder zombies (Ossuary)
  A worm (D:4)
  3 dart slugs
  53 orcs
  7 bats
  8 endoplasms
  3 giant cockroaches
  11 goblins
  7 hobgoblins
  18 kobolds
  A quokka (D:1)
  5 ball pythons
  A frilled lizard (D:2)
  4 goblin zombies (Ossuary)
  3 hobgoblin zombies (Ossuary)
  4 kobold zombies (Ossuary)
  3 quokka zombies (Ossuary)
  2 rats
  2 rat zombies (Ossuary)
298 creatures vanquished.

Vanquished Creatures (others)
  A crimson imp (D:9)
  15 fungi (D:11)
  23 plants
39 creatures vanquished.

Grand Total: 337 creatures vanquished

Notes
Turn   | Place    | Note
-------+----------+-------------------------------------------
     0 | D:1      | Ijustatesigmund the Gnoll Fighter began the quest for the
                  | Orb.
     0 | D:1      | Reached XP level 1. HP: 23/23 MP: 1/1
   179 | D:1      | Reached XP level 2. HP: 29/29 MP: 2/2
   785 | D:2      | Reached XP level 3. HP: 35/35 MP: 3/3
   929 | D:2      | Found a faded altar of an unknown god.
  1020 | D:2      | Reached skill level 1 in Invocations
  1661 | D:3      | Reached skill level 1 in Short Blades
  1661 | D:3      | Reached skill level 1 in Long Blades
  1661 | D:3      | Reached skill level 1 in Maces & Flails
  1661 | D:3      | Reached skill level 1 in Polearms
  1661 | D:3      | Reached skill level 1 in Staves
  1661 | D:3      | Reached skill level 1 in Slings
  1661 | D:3      | Reached skill level 1 in Bows
  1661 | D:3      | Reached skill level 1 in Crossbows
  1661 | D:3      | Reached skill level 1 in Throwing
  1661 | D:3      | Reached skill level 1 in Dodging
  1661 | D:3      | Reached skill level 1 in Stealth
  1661 | D:3      | Reached skill level 1 in Unarmed Combat
  1661 | D:3      | Reached skill level 1 in Spellcasting
  1661 | D:3      | Reached skill level 1 in Evocations
  1720 | D:3      | Reached XP level 4. HP: 27/41 MP: 5/5
  2173 | D:3      | Reached skill level 1 in Conjurations
  2173 | D:3      | Reached skill level 1 in Hexes
  2173 | D:3      | Reached skill level 1 in Summonings
  2173 | D:3      | Reached skill level 1 in Necromancy
  2173 | D:3      | Reached skill level 1 in Translocations
  2173 | D:3      | Reached skill level 1 in Transmutations
  2173 | D:3      | Reached skill level 1 in Fire Magic
  2173 | D:3      | Reached skill level 1 in Ice Magic
  2173 | D:3      | Reached skill level 1 in Air Magic
  2173 | D:3      | Reached skill level 1 in Earth Magic
  2173 | D:3      | Reached skill level 1 in Poison Magic
  2741 | D:4      | Found a staircase to the Ecumenical Temple.
  2748 | D:4      | Reached XP level 5. HP: 40/47 MP: 5/7
  2756 | Temple   | Entered the Ecumenical Temple
  2820 | Temple   | Became a worshipper of Cheibriados the Contemplative
  2900 | D:4      | Found a shadowy altar of Dithmenos.
  2910 | D:4      | Noticed Blork the orc
  2923 | D:4      | Killed Blork the orc
  2924 | D:4      | Reached XP level 6. HP: 35/53 MP: 8/8
  3152 | D:4      | Reached skill level 5 in Axes
  3352 | D:4      | You fall into a shaft and drop 1 floor!
  3352 | D:5      | Entered Level 5 of the Dungeon
  3376 | D:5      | Noticed a sky beast
  3395 | D:5      | Killed a sky beast
  3395 | D:5      | Reached * piety under Cheibriados
  3452 | D:5      | Noticed a water moccasin
  3461 | D:5      | Killed a water moccasin
  3462 | D:5      | Reached XP level 7. HP: 37/60 MP: 10/10
  3567 | D:5      | Noticed Pikel
  3579 | D:5      | Killed Pikel
  3580 | D:5      | Reached XP level 8. HP: 36/67 MP: 10/12
  3775 | D:5      | Found Maokk's Antique Armour Boutique.
  3783 | D:5      | Gained mutation: You have an increased reservoir of magic.
                  | (+10% MP) [potion of mutation]
  3783 | D:5      | Gained mutation: Armour fits poorly on your strangely
                  | shaped body. [potion of mutation]
  3783 | D:5      | Lost mutation: Armour fits poorly on your strangely shaped
                  | body. [potion of mutation]
  3783 | D:5      | Gained mutation: You have a pair of small antennae on your
                  | head. [potion of mutation]
  5670 | D:6      | Found the ring of the Tortoise {AC+8}
  5743 | D:6      | Reached ** piety under Cheibriados
  6067 | D:6      | Learned a level 2 spell: Passwall
  6129 | D:6      | Reached XP level 9. HP: 72/72 MP: 14/16
  6244 | D:6      | Found a bloodstained altar of Trog.
  6268 | D:7      | Found a sand-covered staircase.
  6275 | Ossuary  | Entered an ossuary
  6609 | D:7      | Found a glowing silver altar of Zin.
  6824 | D:7      | Found a sacrificial altar of Ru.
  7030 | D:7      | Reached *** piety under Cheibriados
  7499 | D:7      | Noticed Joseph
  7518 | D:7      | Killed Joseph
  8073 | D:8      | Reached skill level 5 in Invocations
  8138 | D:8      | Learned a level 2 spell: Wereblood
  8941 | D:9      | Noticed Prince Ribbit
  8962 | D:9      | Killed Prince Ribbit
  8963 | D:9      | Reached XP level 10. HP: 63/80 MP: 19/19
  9060 | D:9      | Noticed a two-headed ogre
  9067 | D:9      | Killed a two-headed ogre
  9068 | D:9      | Reached skill level 5 in Short Blades
  9068 | D:9      | Reached skill level 5 in Long Blades
  9068 | D:9      | Reached skill level 5 in Maces & Flails
  9068 | D:9      | Reached skill level 5 in Polearms
  9068 | D:9      | Reached skill level 5 in Staves
  9068 | D:9      | Reached skill level 5 in Slings
  9068 | D:9      | Reached skill level 5 in Bows
  9068 | D:9      | Reached skill level 5 in Crossbows
  9068 | D:9      | Reached skill level 5 in Throwing
  9068 | D:9      | Reached skill level 5 in Dodging
  9068 | D:9      | Reached skill level 5 in Stealth
  9068 | D:9      | Reached skill level 5 in Unarmed Combat
  9068 | D:9      | Reached skill level 5 in Spellcasting
  9068 | D:9      | Reached skill level 5 in Evocations
  9086 | D:9      | Reached **** piety under Cheibriados
  9090 | D:9      | Noticed a two-headed ogre
  9099 | D:9      | Killed a two-headed ogre
  9138 | D:9      | Found Seaxof's Jewellery Shop.
  9380 | D:9      | Found Qumuzade's Weapon Shoppe.
  9414 | D:9      | Found Ristrene's Weapon Emporium.
  9970 | D:9      | Found Yrphuora's Distillery.
 10018 | D:9      | Found an iron altar of Okawaru.
 10018 | D:9      | Found an ancient bone altar of Kikubaaqudgha.
 10025 | D:9      | Found a hazy altar of Hepliaklqana.
 10027 | D:9      | Found a hide-covered altar of Uskayaw.
 10029 | D:9      | Found a broken altar of Ashenzari.
 10087 | D:10     | Entered Level 10 of the Dungeon
 10232 | D:10     | Reached ***** piety under Cheibriados
 10293 | D:10     | Reached XP level 11. HP: 87/87 MP: 21/21
 10459 | D:10     | Reached skill level 5 in Conjurations
 10459 | D:10     | Reached skill level 5 in Hexes
 10459 | D:10     | Reached skill level 5 in Summonings
 10459 | D:10     | Reached skill level 5 in Necromancy
 10459 | D:10     | Reached skill level 5 in Translocations
 10459 | D:10     | Reached skill level 5 in Transmutations
 10459 | D:10     | Reached skill level 5 in Fire Magic
 10459 | D:10     | Reached skill level 5 in Ice Magic
 10459 | D:10     | Reached skill level 5 in Air Magic
 10459 | D:10     | Reached skill level 5 in Earth Magic
 10459 | D:10     | Reached skill level 5 in Poison Magic
 10823 | D:5      | Bought a jade-encrusted plate armour for 644 gold pieces
 10823 | D:5      | Identified the +1 plate armour of Summer {rElec Int+4} (You
                  | bought it in a shop on level 5 of the Dungeon)
 11038 | D:10     | Noticed a two-headed ogre
 11047 | D:10     | Killed a two-headed ogre
 11335 | D:10     | Found a sparkling altar of Nemelex Xobeh.
 11410 | D:10     | Found Fuheac's Jewellery Shoppe.
 11850 | D:11     | Noticed Fannar
 11875 | D:11     | Killed Fannar
 11880 | D:11     | Identified the +1 spear "Gusegis" {vorpal, *Slow rN++
                  | Int+4}
 12251 | D:11     | Noticed a cyclops
 12718 | D:11     | Noticed a cyclops
 12720 | D:11     | Found a broken altar of Ashenzari.
 12730 | D:11     | Killed a cyclops
 12951 | D:11     | Found a staircase to the Lair.
 13252 | D:11     | Killed a cyclops
 13253 | D:11     | Reached XP level 12. HP: 96/96 MP: 24/24
 13751 | D:12     | Found a staircase to the Orcish Mines.
 14552 | D:12     | Noticed a two-headed ogre
 14561 | D:12     | Killed a two-headed ogre
 14716 | D:12     | Noticed a six-headed hydra
 14722 | D:12     | Killed a six-headed hydra
 15398 | D:12     | Noticed a two-headed ogre
 15414 | D:12     | Killed a two-headed ogre
 15951 | D:12     | Slain by a titanic slime creature

Illustrated notes

Levels and vault maps discovered:
D:1:      dpeg_arrival_short_road, layout_basic, minivault_26
D:2:      layout_basic, basic_ecumenical_altar
D:3:      layout_loops_corners, kennysheep_potato
D:4:      corexii_shack_village, layout_basic, lemuel_doored_altar,
          minmay_temple_entry_glass, uniq_blork_the_orc
D:5:      layout_basic, portal_sewer_entry_d, serial_shops, shop, uniq_pikel
D:6:      layout_gridville, mainiacjoe_overflow_tiny_flanked
D:7:      layout_loops_corners, mainiacjoe_overflow_alcove_2,
          mainiacjoe_overflow_brackets, enter_ossuary_5, dk_rats_in_the_wall,
          uniq_joseph
D:8:      layout_layer_cave
D:9:      layout_basic, chequers_temple_overflow_minitemple, serial_shops,
          nicolae_shop_statue_plus, shop, shop_statue, kennysheep_mini_moat,
          minmay_nine_imps, uniq_prince_ribbit1
D:10:     layout_grid_maze, kennysheep_mini, serial_shops, shop_statue
D:11:     layout_loops_ring, grunt_lair_entry_orc_guard_hut,
          nicolae_ashenzari_skybound, uniq_fannar
D:12:     layout_loops_corners, erik_orc_3, minmay_misc_feat_tower
Temple:   minmay_temple_bridge_abc

Skill      XL: |  1  2  3  4  5  6  7  8  9 10 11 12 |
---------------+-------------------------------------+-----
Invocations    | 1 2 3 4 5 6 7 8 |  8.0
Short Blades   | 1 2 3 4 5 6 7 |  7.3
Long Blades    | 1 2 3 4 5 6 7 |  7.3
Maces & Flails | 1 2 3 4 5 6 7 |  7.3
Polearms       | 1 2 3 4 5 6 7 |  7.3
Staves         | 1 2 3 4 5 6 7 |  7.3
Slings         | 1 2 3 4 5 6 7 |  7.3
Bows           | 1 2 3 4 5 6 7 |  7.3
Crossbows      | 1 2 3 4 5 6 7 |  7.3
Throwing       | 1 2 3 4 5 6 7 |  7.3
Dodging        | 1 2 3 4 5 6 7 |  7.3
Stealth        | 1 2 3 4 5 6 7 |  7.3
Unarmed Combat | 1 2 3 4 5 6 7 |  7.3
Spellcasting   | 1 2 3 4 5 6 7 |  7.3
Evocations     | 1 2 3 4 5 6 7 |  7.3
Conjurations   | 1 2 3 4 5 6 |  6.1
Hexes          | 1 2 3 4 5 6 |  6.1
Summonings     | 1 2 3 4 5 6 |  6.1
Necromancy     | 1 2 3 4 5 6 |  6.1
Translocations | 1 2 3 4 5 6 |  6.1
Transmutations | 1 2 3 4 5 6 |  6.1
Fire Magic     | 1 2 3 4 5 6 |  6.1
Ice Magic      | 1 2 3 4 5 6 |  6.1
Air Magic      | 1 2 3 4 5 6 |  6.1
Earth Magic    | 1 2 3 4 5 6 |  6.1
Poison Magic   | 1 2 3 4 5 6 |  6.1
Axes           | 5 6 7 8 |  8.7
Fighting       | 7 8 9 |  9.9
Armour         | 7 8 9 |  9.9
Shields        | 7 8 9 |  9.9

Action                   |  1- 3 |  4- 6 |  7- 9 | 10-12 || total
-------------------------+-------+-------+-------+-------++-------
Melee: War axe           |    90 |   108 |   349 |   195 ||   742
       Bite              |     1 |    14 |    51 |   111 ||   177
       Spear             |       |       |       |   369 ||   369
Throw: Javelin           |       |       |       |     2 ||     2
 Cast: Passwall          |       |       |       |     2 ||     2
Invok: Bend Time         |       |       |       |     5 ||     5
       Slouch            |       |       |       |     2 ||     2
       Step From Time    |       |       |       |     1 ||     1
Evoke: Wand              |       |       |       |     8 ||     8
  Use: Scroll            |       |     5 |    10 |    10 ||    25
       Potion            |       |     1 |     8 |     8 ||    17
Armor: Scale mail        |    35 |       |       |       ||    35
       Chain mail        |    13 |    62 |   154 |   124 ||   353
       Plate armour      |       |       |       |   123 ||   123
Dodge: Dodged            |    42 |    36 |   213 |   287 ||   578
Block: Buckler           |    30 |    28 |   142 |   183 ||   383

Table legend: (Time is in decaauts)
 A = Elapsed time spent in this place.
 B = Non-inter-level travel time spent in this place.
 C = Inter-level travel time spent in this place.
 D = Time resting spent in this place.
 E = Time spent auto-exploring this place.
 F = Levels seen in this place.
 G = Mean time per level.
                   A        B        C        D        E       F      G
               +--------+--------+--------+--------+--------+-----+--------+
         Total |  20398 |  19141 |   1257 |   2273 |  14250 |  14 | 1457.0 |
       Dungeon |  20093 |  18863 |   1230 |   2273 |  14121 |  12 | 1674.4 |
        Temple |     91 |     65 |     26 |      0 |     53 |   1 |   91.0 |
       Ossuary |    213 |    213 |      0 |      0 |     76 |   1 |  213.0 |
               +--------+--------+--------+--------+--------+-----+--------+

Top non-repeatable levels by time:
    D:12: 3064 daAuts
    D:11: 2301 daAuts
     D:7: 2113 daAuts
    D:10: 1974 daAuts
     D:5: 1958 daAuts
     D:9: 1714 daAuts
     D:8: 1699 daAuts
     D:4: 1360 daAuts
     D:3: 1236 daAuts
     D:6: 1135 daAuts
     D:1: 796 daAuts
     D:2: 739 daAuts
 Ossuary: 213 daAuts
  Temple: 91 daAuts
